 Dungeon Crawl Stone Soup version 0.17.0-1-g61d176b (webtiles) character file.

128 Ijustatesigmund the Ruffian (level 5, -3/48 HPs)
             Began as a Gargoyle Monk on Nov 7, 2015.
             Killed by divine providence
             ... invoked by an orc priest
              (15 damage)
             ... on level 3 of the Dungeon.
             The game lasted 00:08:52 (2956 turns).

Ijustatesigmund the Ruffian (Gargoyle Monk)         Turns: 2956, Time: 00:08:56

Health: -3/48      AC: 10    Str: 20    XL:     5   Next: 12%
Magic:  5/5        EV: 12    Int: 10    God:
Gold:   87         SH:  0    Dex: 13    Spells: 0 memorised, 4 levels left

rFire  . . .     SeeInvis .     e - +1 whip (holy)
rCold  . . .     Clarity  .     g - +0 ring mail
rNeg   + . .     SustAt   .     (no shield)
rPois  ∞         Gourm    .     k - +0 helmet
rElec  +         Spirit   .     (no cloak)
rCorr  .         Warding  .     (no gloves)
rMut   .         Stasis   .     (no boots)
MR     .....                    (no amulet)
Stlth  ..........               (no ring)
                                (no ring)

@: berserking, very quick, not resistant to hostile enchantments, extremely
unstealthy
A: negative energy resistance 1, electricity resistance, unbreathing,
petrification resistance, rot immunity, AC +4
a: no special abilities


You were on level 3 of the Dungeon.
You were hungry.

You visited 1 branch of the dungeon, and saw 4 of its levels.

You collected 87 gold pieces.

Inventory:

Hand Weapons
 e - a +1 whip of holy wrath (weapon)
Armour
 g - a +0 ring mail (worn)
 k - a +0 helmet (worn)
 p - a +0 shield
Wands
 i - a wand of confusion (19)
Scrolls
 a - 2 scrolls of blinking {unknown}
 d - 2 scrolls of magic mapping {unknown}
 f - a scroll of recharging
 h - 2 scrolls of identify
 l - a scroll of immolation {unknown}
 m - 2 scrolls of teleportation {unknown}
 o - a scroll of fog {unknown}
Potions
 j - a potion of mutation {unknown}
 n - a potion of berserk rage
 q - a potion of curing {unknown}
Comestibles
 b - 2 bread rations
 c - a meat ration


   Skills:
 - Level 3.2 Fighting
 * Level 2.8 Maces & Flails
 + Level 2.8 Armour
 + Level 3.0 Dodging
 - Level 2.1 Stealth
 - Level 4.0 Unarmed Combat


You had 4 spell levels left.
You didn't know any spells.

Dungeon Overview and Level Annotations

Branches:
Dungeon (4/15)
 Temple: D:4-7

Altars:

Annotations:
D:2 Terence
D:3 chonchonts's ghost, amateur OgFE


Innate Abilities, Weirdness & Mutations

You are resistant to torment.
Your stone body is resilient (AC +4).
You are immune to poison.
You resist negative energy.
You are resistant to electric shocks.
You can survive without breathing.
You are immune to petrification.
You are immune to rotting.


Message History

The orc wizard points at you and mumbles some strange words.
The magic dart hits you! The adder bites you but does no damage.
The orc completely misses you.
The orc wizard hits you but does no damage.
The adder bites you but does no damage.
You barely miss the orc wizard.
The orc wizard is severely wounded.
The orc misses you.
The orc wizard gestures at you while chanting.
The magic dart hits you!
* * * LOW HITPOINT WARNING * * *
The adder closely misses you.
Drink which item? (? for menu, Esc to quit)
It was a potion of berserk rage.
A red film seems to cover your vision as you go berserk!
You feel yourself moving faster!
You feel mighty!
The orc wizard miscasts a cantrip.
The orc priest invokes the aid of Beogh against you.
Something smites you!
You die...

########.........................
....................##.(.........
....................##.#####+####
....................##..# #.#
....................###.## #.#
............######### #..# #.#
.....†......s.<....#####.###.##
...............So.............#
..............oo@.............#
...............####...........#
.............. #...........#
............. ########.#+##
............. #...# .)...........
##..#### ............ #......
.[......... #...... ..........
#......


You could see an orc priest, an orc wizard, an adder, an orc and a giant
cockroach.

Vanquished Creatures
  An orc priest (D:3)
  Robin (D:2)
  2 adders
  2 worms (D:3)
  4 orcs (D:3)
  A ball python (D:3)
  8 bats
  12 hobgoblins
  2 jackals (D:1)
  2 quokkas
  A giant gecko (D:1)
  2 giant newts
  9 goblins
  6 kobolds
  9 rats
62 creatures vanquished.

Notes
Turn   | Place    | Note
--------------------------------------------------------------
     0 | D:1      | Ijustatesigmund the Gargoyle Monk began the quest for the Orb.
     0 | D:1      | Reached XP level 1. HP: 14/14 MP: 1/1
     2 | D:1      | Noticed an elf
     2 | D:1      | Noticed a gargoyle
     4 | D:1      | Noticed a felid
     4 | D:1      | Noticed a troll
     6 | D:1      | Noticed a naga
     6 | D:1      | Noticed a tengu
     8 | D:1      | Noticed a formicid
    10 | D:1      | Noticed a vampire
    10 | D:1      | Noticed a dwarf
    12 | D:1      | Noticed a spriggan
    14 | D:1      | Noticed a centaur
    14 | D:1      | Noticed an octopode
    16 | D:1      | Noticed a merfolk
    16 | D:1      | Noticed a minotaur
    18 | D:1      | Noticed a ghoul
    20 | D:1      | Noticed a human
    20 | D:1      | Noticed an ogre
    22 | D:1      | Noticed a vine stalker
    24 | D:1      | Noticed a demigod
    26 | D:1      | Noticed a demonspawn
    26 | D:1      | Noticed a draconian
   209 | D:1      | Reached skill level 1 in Armour
   209 | D:1      | Reached XP level 2. HP: 6/19 MP: 2/2
   934 | D:2      | Noticed Terence
  1022 | D:1      | Reached skill level 1 in Maces & Flails
  1022 | D:1      | Reached XP level 3. HP: 23/23 MP: 3/3
  1087 | D:2      | Noticed Robin
  1705 | D:2      | Killed Robin
  1705 | D:2      | Reached XP level 4. HP: 26/28 MP: 4/4
  2272 | D:3      | Found a faded altar to an unknown god.
  2370 | D:3      | Reached XP level 5. HP: 32/32 MP: 5/5
  2698 | D:3      | Noticed chonchonts's ghost (amateur OgFE)
  2956 | D:3      | Killed from afar by an orc priest

Action                   |  1- 3 |  4- 6 || total
-------------------------+-------+-------++-------
Melee: Unarmed           |    42 |       ||    42
       Whip              |   105 |   131 ||   236
  Use: Scroll            |     1 |       ||     1
       Potion            |       |     1 ||     1
 Stab: Sleeping          |     3 |     1 ||     4
  Eat: Chunk             |     2 |     4 ||     6
